 Dungeon Crawl Stone Soup version 0.30-a0-374-g95c0257040 (webtiles) character file.

Game seed: 9588063165847313428

187 arthad the Chopper (level 5, 0/43 (47) HPs)
             Began as a Gnoll Cinder Acolyte on Nov 26, 2022.
             Was an Elder of Ignis.
             Slain by a wight
             ... wielding a +3 spear
              (2 damage)
             ... on level 4 of the Dungeon.
             The game lasted 00:03:56 (2418 turns).

arthad the Chopper (Gnoll Cinder Acolyte)           Turns: 2418, Time: 00:03:57

HP:   0/43 (47)     AC: 17    Str: 13    XL:     5   Next: 66%
MP:   9/9           EV: -1    Int: 11    God:    Ignis [****..]
Gold: 147           SH:  0    Dex:  8    Spells: 10/10 levels left

rFire   + + .      SeeInvis .    a - -1 hand axe (flame)
rCold   + . .      Faith    .    (no shield)
rNeg    . . .      Spirit   .    i - +0 gold dragon scales
rPois   +          Reflect  .    (no helmet)
rElec   .          Harm     .    (no cloak)
rCorr   .          Rampage  .    (no gloves)
Will    .....                    w - +2 pair of boots
Stlth   ..........               (no amulet)
HPRegen 0.27/turn                (no ring)
MPRegen 0.11/turn                (no ring)

@: drained
A: fangs 1, strong nose, distributed training, iridescent scales 1, dopey 2,
wild magic 1
a: Renounce Religion, Fiery Armour, Foxfire Swarm, Rising Flame


You were on level 4 of the Dungeon.
You worshipped Ignis.
Ignis was greatly pleased with you.
You visited 1 branch of the dungeon, and saw 4 of its levels.

You collected 147 gold pieces.

Inventory:

Hand Weapons
 a - a -1 hand axe of flaming (weapon)
Missiles
 p - 3 boomerangs (quivered)
 s - 4 poisoned darts
Armour
 b - a +0 robe
 i - +0 gold dragon scales (worn)
 w - a +2 pair of boots (worn)
Jewellery
 e - an amulet of faith
 u - a ring of resist corrosion
Wands
 t - a wand of polymorph (9)
Scrolls
 c - 2 scrolls of noise {unknown}
 d - 2 scrolls of poison {unknown}
 h - a scroll of fear {unknown}
 j - a scroll of enchant weapon {unknown}
 n - a scroll of identify {unknown}
 r - a scroll of fog {unknown}
 v - a scroll of blinking {unknown}
Potions
 g - 2 potions of lignification {unknown}
 k - 2 potions of ambrosia {unknown}
 l - 2 potions of curing {unknown}
 m - 2 potions of brilliance {unknown}
 o - a potion of attraction {unknown}
 q - a potion of might {unknown}


   Skills:
 + Level 6.7 Fighting
 + Level 1.6 Short Blades
 + Level 1.6 Long Blades
 + Level 6.7 Axes
 + Level 1.6 Maces & Flails
 + Level 1.6 Polearms
 + Level 1.6 Staves
 + Level 1.6 Ranged Weapons
 + Level 1.6 Throwing
 + Level 1.6 Armour
 + Level 1.6 Dodging
 + Level 1.6 Stealth
 + Level 1.6 Shields
 + Level 1.6 Unarmed Combat
 + Level 3.2 Spellcasting
 + Level 1.3 Conjurations
 + Level 1.3 Hexes
 + Level 1.3 Summonings
 + Level 1.3 Necromancy
 + Level 1.3 Translocations
 + Level 1.3 Transmutations
 + Level 5.6 Fire Magic
 + Level 1.3 Ice Magic
 + Level 1.3 Air Magic
 + Level 1.3 Earth Magic
 + Level 1.3 Poison Magic
 + Level 1.9 Invocations
 + Level 1.6 Evocations


You had 10 spell levels left.
You didn't know any spells.
Your spell library contained the following spells:

 Spells                   Type           Power      Damage    Failure   Level
 Scorch                   Fire           36%        2d6       100%        2
 Tukima's Dance           Hex            6%         N/A       100%        3
 Passage of Golubria      Tloc           6%         N/A       100%        4
 Yara's Violent Unravell  Hex/Tmut       3%         3d4       100%        5


Dungeon Overview and Level Annotations

Branches:
Dungeon (4/15)
 Temple: D:4-7

Altars:
Trog


Innate Abilities, Weirdness & Mutations

You have very sharp teeth.
Your uncanny sense of smell can sniff out nearby items.
Your experience applies equally to all skills.
You are partially covered in iridescent scales. (AC +2)
You are very dopey. (Int -4)
Your spells are a little harder to cast, but a little more powerful.


Message History

You hit the wight but do no damage.
The wight hits you with a +2 long sword.
The wight hits you but does no damage.
Your life force feels restored.
You barely miss the wight. The wight hits you but does no damage.
The wight hits you from afar with a +3 spear!
You are too injured to fight recklessly!
You are too injured to fight recklessly!
You are too injured to fight recklessly!
You are too injured to fight recklessly!
You are too injured to fight recklessly!
You are too injured to fight recklessly!
You are too injured to fight recklessly!
You are too injured to fight recklessly!
You are too injured to fight recklessly!
You are too injured to fight recklessly!
You are too injured to fight recklessly!
You hit the wight but do no damage. You bite the wight, but do no damage.
The wight hits you with a +2 long sword.
The wight hits you from afar with a +3 spear!
* * * LOW HITPOINT WARNING * * *
You feel drained.
* * * LOW HITPOINT WARNING * * *
Unknown command.
It was a potion of mutation.
You feel extremely strange.
Iridescent scales grow over part of your body.
You feel stupid. x2; You feel less in control of your magic.
The wight hits you with a +2 long sword.
* * * LOW HITPOINT WARNING * * *
You feel drained. The wight hits you but does no damage.
Okay, then.
Okay, then.
Activating: Foxfire Swarm
Press: ? - help, Dir - look around, f - activate Flames leap up around you!
The wight hits you with a +2 long sword.
* * * LOW HITPOINT WARNING * * *
You feel drained.
The wight hits you from afar with a +3 spear.
You die...

#.#.#.....#.# ..... #..#
#.#....#....# ..... #..#
#.###........ ......#..#
#.#<)....##.. #)...#..#
#.#.)...### #....#..#
#.........# ##...vvvv#
###.#####.# .....vvvv#
#...# ...
.....zv@v###.###########
.....v#zvv............
..... ################
.... ... ##


You could see 2 wights.

Vanquished Creatures
  A wight (D:4)
  A hound (D:2)
  Terence (D:2)
  A gnoll (D:1)
  2 worms (D:2)
  2 dart slugs
  3 orcs
  3 endoplasms (D:1)
  4 giant cockroaches (D:1)
  4 hobgoblins
  4 jackals (D:2)
  A quokka (D:1)
  8 ball pythons
  8 bats
  3 frilled lizards
  3 goblins (D:1)
  5 kobolds
  10 rats
64 creatures vanquished.

Vanquished Creatures (others)
  9 foxfires (D:1)
9 creatures vanquished.

Grand Total: 73 creatures vanquished

Notes
Turn   | Place    | Note
-------+----------+-------------------------------------------
     0 | D:1      | arthad the Gnoll Cinder Acolyte began the quest for the
                  | Orb.
     0 | D:1      | Reached XP level 1. HP: 23/23 MP: 4/4
   189 | D:1      | Reached XP level 2. HP: 29/29 MP: 5/5
   311 | D:1      | Reached XP level 3. HP: 35/35 MP: 7/7
   405 | D:1      | Reached skill level 1 in Invocations
   640 | D:1      | Found a faded altar of an unknown god.
   780 | D:2      | Reached skill level 1 in Short Blades
   780 | D:2      | Reached skill level 1 in Long Blades
   780 | D:2      | Reached skill level 1 in Maces & Flails
   780 | D:2      | Reached skill level 1 in Polearms
   780 | D:2      | Reached skill level 1 in Staves
   780 | D:2      | Reached skill level 1 in Ranged Weapons
   780 | D:2      | Reached skill level 1 in Throwing
   780 | D:2      | Reached skill level 1 in Armour
   780 | D:2      | Reached skill level 1 in Dodging
   780 | D:2      | Reached skill level 1 in Stealth
   780 | D:2      | Reached skill level 1 in Shields
   780 | D:2      | Reached skill level 1 in Unarmed Combat
   780 | D:2      | Reached skill level 1 in Evocations
   788 | D:2      | Reached XP level 4. HP: 18/41 MP: 8/8
   791 | D:2      | Reached skill level 1 in Conjurations
   791 | D:2      | Reached skill level 1 in Hexes
   791 | D:2      | Reached skill level 1 in Summonings
   791 | D:2      | Reached skill level 1 in Necromancy
   791 | D:2      | Reached skill level 1 in Translocations
   791 | D:2      | Reached skill level 1 in Transmutations
   791 | D:2      | Reached skill level 1 in Ice Magic
   791 | D:2      | Reached skill level 1 in Air Magic
   791 | D:2      | Reached skill level 1 in Earth Magic
   791 | D:2      | Reached skill level 1 in Poison Magic
   889 | D:2      | Noticed Terence
   897 | D:2      | Killed Terence
   937 | D:2      | You fall into a shaft and drop 1 floor!
   983 | D:3      | Found a bloodstained altar of Trog.
  1422 | D:2      | Reached XP level 5. HP: 46/47 MP: 9/9
  2417 | D:4      | Gained mutation: You are partially covered in iridescent
                  | scales. (AC +2) [potion of mutation]
  2417 | D:4      | Gained mutation: You are dopey. (Int -2) [potion of
                  | mutation]
  2417 | D:4      | Gained mutation: You are very dopey. (Int -4) [potion of
                  | mutation]
  2417 | D:4      | Gained mutation: Your spells are a little harder to cast,
                  | but a little more powerful. [potion of mutation]
  2418 | D:4      | HP: 2/44 [wight/+2 long sword (2)]
  2418 | D:4      | Slain by a wight

Illustrated notes

Levels and vault maps discovered:
D:1:      tarquinn_simple_flora_water_d, layout_basic,
          hellmonk_ecumenical_altar_slurped_away, minmay_domino_4
D:2:      layout_loops_ring, minmay_tall_x, uniq_terence
D:3:      layout_loops_corners, mainiacjoe_overflow_catwalk
D:4:      layout_basic, minmay_temple_entry_statues, serial_shops,
          nicolae_shop_stone, uniq_grinder, uniq_pikel, uniq_crazy_yiuf_cottage

Skill      XL: |  1  2  3  4 |
---------------+-------------+-----
Invocations    | 1 |  1.9
Short Blades   | 1 |  1.6
Long Blades    | 1 |  1.6
Maces & Flails | 1 |  1.6
Polearms       | 1 |  1.6
Staves         | 1 |  1.6
Ranged Weapons | 1 |  1.6
Throwing       | 1 |  1.6
Armour         | 1 |  1.6
Dodging        | 1 |  1.6
Stealth        | 1 |  1.6
Shields        | 1 |  1.6
Unarmed Combat | 1 |  1.6
Evocations     | 1 |  1.6
Spellcasting   | 3 |  3.2
Conjurations   | 1 |  1.3
Hexes          | 1 |  1.3
Summonings     | 1 |  1.3
Necromancy     | 1 |  1.3
Translocations | 1 |  1.3
Transmutations | 1 |  1.3
Ice Magic      | 1 |  1.3
Air Magic      | 1 |  1.3
Earth Magic    | 1 |  1.3
Poison Magic   | 1 |  1.3
Fighting       | |  6.7
Axes           | |  6.7
Fire Magic     | |  5.6

Action                   |  1- 3 |  4- 6 || total
-------------------------+-------+-------++-------
Melee: Hand axe          |    97 |    95 ||   192
       Bite              |     9 |    12 ||    21
       Punch             |       |     1 ||     1
Invok: Foxfire Swarm     |     1 |     1 ||     2
       Fiery Armour      |     1 |       ||     1
  Use: Potion            |       |     1 ||     1
Armor: Robe              |    36 |       ||    36
       Gold dragon scale |    57 |    84 ||   141
Dodge: Dodged            |    33 |     1 ||    34

Table legend: (Time is in decaauts)
 A = Elapsed time spent in this place.
 B = Non-inter-level travel time spent in this place.
 C = Inter-level travel time spent in this place.
 D = Time resting spent in this place.
 E = Time spent auto-exploring this place.
 F = Levels seen in this place.
 G = Mean time per level.
                   A        B        C        D        E       F      G
               +--------+--------+--------+--------+--------+-----+--------+
         Total |   2413 |   2327 |     86 |      0 |   1877 |   4 |  603.2 |
       Dungeon |   2413 |   2327 |     86 |      0 |   1877 |   4 |  603.2 |
               +--------+--------+--------+--------+--------+-----+--------+

Top non-repeatable levels by time:
     D:3: 817 daAuts
     D:2: 774 daAuts
     D:1: 769 daAuts
     D:4: 52 daAuts
